Map: 월드 오브 슬리퍼스 - 래더

Players

DPGPartinG (PartinG)

  • Race: Protoss Protoss
  • League: Master
  • Spawn Location: 1:00

llllllllllll (Trap) - Winner!

  • Race: Protoss Protoss
  • League: Master
  • Spawn Location: 7:00

VOD

Have the link to the VOD?

Description

Time

  • Played on: Jan. 9, 2020, 5 a.m.
  • Length: 7:01
Show
View Real Time Build Order
Export as new Build Order

DPGPartinG Protoss 

Build Orders:  

Get SALT Encoding   

  12  0:00  Probe  
  13  0:12  Probe  
  14  0:17  Pylon  
  14  0:25  Probe (Chrono Boost)  
  15  0:36  Gateway  
  15  0:37  Probe (Chrono Boost)  
  16  0:45  Probe (Chrono Boost)  
  16  0:46  Assimilator  
  17  0:51  Probe  
  17  0:56  Assimilator  
  18  1:03  Probe (Chrono Boost)  
  19  1:07  Gateway  
  19  1:12  Probe (Chrono Boost)  
  19  1:17  Probe (Chrono Boost)  
  20  1:24  Cybernetics Core  
  21  1:29  Probe  
  22  1:35  Pylon  
  22  1:41  Probe  
  23  2:00  Robotics Facility  
  23  2:01  Warp Gate, Stalker  
  25  2:09  Stalker  
  25  2:11  Probe  
  28  2:18  Pylon  
  28  2:31  Stalker  
  31  2:45  Immortal (Chrono Boost)  
  31  2:51  Stalker  
  35  2:58  Pylon  
  35  3:14  Warp Prism (Chrono Boost)  
  37  3:26  Stargate  
  32  3:53  Stalker  
  33  4:01  Nexus  
  33  4:04  Shield Battery  
  33  4:21  Phoenix (Chrono Boost)  
  35  4:27  Zealot x2  
  39  4:33  Pylon  
  39  4:38  Shield Battery  
  39  4:51  Phoenix, Probe  
  42  4:55  Sentry x2  
  46  5:21  Zealot x2  
  32  5:43  Stalker  
  23  5:50  Stalker  
  23  5:54  Probe (Chrono Boost)  
  24  5:59  Probe (Chrono Boost)  
  25  6:08  Probe (Chrono Boost)  
  25  6:09  Probe (Chrono Boost)  
  27  6:14  Probe (Chrono Boost)  
  27  6:18  Probe (Chrono Boost)  
  30  6:26  Probe (Chrono Boost)  
  30  6:29  Probe (Chrono Boost)  
  32  6:33  Probe (Chrono Boost)  
  32  6:34  Pylon  
  32  6:35  Probe (Chrono Boost)  
  33  6:40  Probe  
  33  6:46  Zealot  
  36  6:50  Zealot  
Show
View Real Time Build Order
Export as new Build Order

llllllllllll Protoss - Winner!

Build Orders:  

Get SALT Encoding   

  12  0:00  Probe  
  13  0:12  Probe  
  14  0:17  Pylon  
  14  0:24  Probe (Chrono Boost)  
  15  0:36  Probe (Chrono Boost), Gateway  
  16  0:44  Probe (Chrono Boost)  
  16  0:45  Assimilator  
  17  0:50  Probe  
  17  0:53  Assimilator  
  18  1:03  Probe (Chrono Boost)  
  19  1:07  Gateway  
  19  1:13  Probe (Chrono Boost)  
  19  1:18  Probe (Chrono Boost)  
  20  1:22  Cybernetics Core  
  21  1:29  Probe  
  22  1:37  Pylon  
  22  1:41  Probe  
  23  1:58  Robotics Facility  
  23  1:59  Warp Gate, Stalker  
  25  2:08  Stalker  
  27  2:13  Pylon  
  27  2:29  Pylon  
  27  2:32  Stalker  
  28  2:39  Stalker  
  30  2:48  Immortal (Chrono Boost)  
  34  3:02  Shield Battery  
  34  3:05  Sentry  
  36  3:07  Pylon  
  36  3:26  Immortal  
  38  3:47  Stalker x2  
  42  3:52  Pylon  
  42  4:05  Warp Prism (Chrono Boost)  
  42  4:11  Stalker  
  43  4:25  Sentry  
  45  4:39  Gateway  
  45  4:48  Stalker  
  45  4:50  Stalker  
  49  5:02  Pylon, Observer  
  50  5:13  Stalker  
  48  5:28  Adept  
  44  5:36  Adept x2  
  44  5:46  Immortal (Chrono Boost)  
  30  6:04  Stalker  
  30  6:05  Stalker  
  34  6:15  Adept  
  36  6:26  Warp Prism (Chrono Boost)  
Tags
 
Add a new tag
Caveats
  • Supply blocks, unpowered buildings, or Contaminate may cause inaccurate times.
  • Supply counts are checked every 10 seconds.